 Dungeon Crawl Stone Soup version 0.21-a0-516-gaaff437 (webtiles) character file.

236 Gildeon the Chopper (level 5, -3/45 HPs)
             Began as a Minotaur Fighter on Dec 4, 2017.
             Slain by an ogre
             ... wielding a +0 giant spiked club
              (18 damage)
             ... on level 4 of the Dungeon.
             The game lasted 00:12:17 (2053 turns).

Gildeon the Chopper (Minotaur Fighter)              Turns: 2053, Time: 00:12:18

Health: -3/45      AC: 13    Str: 20    XL:     5   Next: 77%
Magic:  1/1        EV:  5    Int:  5    God:
Gold:   157        SH: 14    Dex: 11    Spells: 4/4 levels left

rFire    . . .     SeeInvis .   a - +1 hand axe (antimagic)
rCold    . . .     Gourm    .   k - +0 large shield
rNeg     + + .     Faith    .   t - +0 pearl dragon scales
rPois    .         Spirit   .   (helmet restricted)
rElec    .         Reflect  .   p - +0 cloak
rCorr    .         Harm     .   h - +0 pair of gloves
MR       .....                  (no boots)
Stlth    ..........             (no amulet)
HPRegen  0.15/turn              v - ring of positive energy
MPRegen  0.07/turn              (no ring)

@: no status effects
A: retaliatory headbutt, horns 2
a: no special abilities


You were on level 4 of the Dungeon.
You were not hungry.

You visited 1 branch of the dungeon, and saw 4 of its levels.

You collected 157 gold pieces.

Inventory:

Hand Weapons
 a - a +1 antimagic hand axe (weapon)
 u - a +2 short sword of protection
Armour
 h - a +0 pair of gloves (worn)
 k - a +0 large shield (worn)
 p - a +0 cloak (worn)
 t - +0 pearl dragon scales (worn)
Jewellery
 v - a ring of positive energy (left hand)
Wands
 d - a wand of polymorph (4)
 s - a wand of paralysis (12)
Potions
 c - a potion of brilliance
 e - a potion of ambrosia
 g - 2 potions of heal wounds
 i - 4 potions of curing
 l - a potion of invisibility {unknown}
 m - 2 potions of cancellation {unknown}
 n - a potion of mutation {unknown}
 o - a potion of flight {unknown}
 q - a potion of resistance {unknown}
Comestibles
 b - 2 chunks of flesh
 f - 5 bread rations
 j - 2 meat rations
 r - a fruit


   Skills:
 - Level 3.6 Fighting
 + Level 7.4 Axes
 - Level 3.6 Armour
 - Level 3.6 Shields


You had 4 spell levels left.
You didn't know any spells.

Dungeon Overview and Level Annotations

Branches:
Dungeon (4/15)
 Temple: D:4-7

Altars:


Innate Abilities, Weirdness & Mutations

You reflexively headbutt those who attack you in melee.
You have a pair of horns on your head.


Message History

Wield which item (- for none, * to show all)? (? for menu, Esc to quit)
You feel magic leave you.
a - a +1 antimagic hand axe (weapon)
Found a stone staircase leading down.
d - a wand of polymorph (4) Some of the chunks of flesh in your inventory have rotted away.
An ogre comes into view. It is wielding a giant spiked club.
The ogre shouts!
An ogre opens the door.
There is a stone staircase leading down here.
The ogre hits you with a giant spiked club!
You hit the ogre.
The ogre is lightly wounded.
You hit the ogre. You headbutt the ogre.
The ogre is moderately wounded.
The ogre hits you with a giant spiked club!
You hit the ogre.
The ogre is heavily wounded.
The ogre hits you with a giant spiked club!!
You die...

... .$....# ....
#..# .# .....
#..##.####
.....##...#....##
#.....>.........
#.........##.#.
###..........#
..........#O###
.#####....#@#####
..............# #
#...##.#.###.#
##.####.....#.#
..[.....##....#
##.#...[.'...)#
#.......##....#
#..#.##.##....# #
# ##'##...##


You could see an ogre.

Vanquished Creatures
  An ogre (D:3)
  Robin (D:2)
  4 adders
  An ooze (D:3)
  5 worms (D:3)
  2 dart slugs
  2 leopard geckos
  4 orcs (D:3)
  9 bats
  3 giant cockroaches
  15 goblins
  13 hobgoblins
  6 kobolds
  2 ball pythons (D:1)
  4 frilled lizards
  2 rats
74 creatures vanquished.

Notes
Turn   | Place    | Note
-------+----------+-------------------------------------------
     0 | D:1      | Gildeon the Minotaur Fighter began the quest for the Orb.
     0 | D:1      | Reached XP level 1. HP: 19/19 MP: 0/0
    31 | D:1      | Reached skill level 3 in Axes
   117 | D:1      | Reached XP level 2. HP: 26/26 MP: 1/1
   281 | D:1      | Reached skill level 4 in Axes
   469 | D:1      | Reached XP level 3. HP: 31/31 MP: 2/2
  1093 | D:2      | Reached skill level 5 in Axes
  1095 | D:2      | Noticed Robin
  1110 | D:2      | Killed Robin
  1110 | D:2      | Reached XP level 4. HP: 37/39 MP: 3/3
  1551 | D:3      | Reached skill level 6 in Axes
  1809 | D:3      | Reached XP level 5. HP: 45/45 MP: 4/4
  1837 | D:3      | Noticed an ogre
  1846 | D:3      | Killed an ogre
  1846 | D:3      | Reached skill level 7 in Axes
  2037 | D:4      | Noticed an ogre
  2053 | D:4      | Slain by an ogre

Vault maps used:
D:1:      kennysheep_arrival_forest, serial_curves, eino_curves_03,
          eino_curves_03
D:2:      first_bread, minmay_tetromino_i2, uniq_robin
D:3:      kennysheep_six_static_rooms
D:4:      uniq_menkaure

Skill      XL: |  1  2  3  4  5 |
---------------+----------------+-----
Axes           | 3 4 5 6 7 |  7.4
Fighting       | |  3.6
Armour         | |  3.6
Shields        | |  3.6

Action                   |  1- 3 |  4- 6 || total
-------------------------+-------+-------++-------
Melee: War axe           |    86 |    55 ||   141
       Headbutt          |    12 |    14 ||    26
       Hand axe          |       |    26 ||    26
Throw: Javelin           |     9 |       ||     9
  Use: Scroll            |     5 |     8 ||    13
       Potion            |       |     1 ||     1
  Eat: Chunk             |     1 |     3 ||     4
Armor: Scale mail        |    26 |       ||    26
       Chain mail        |    18 |    11 ||    29
       Pearl dragon scal |       |    18 ||    18
Dodge: Dodged            |    16 |     7 ||    23
Block: Shield            |    18 |       ||    18
       Large shield      |    38 |    53 ||    91

Table legend:
 A = Spawn XP
 B = Non-spawn XP
 C = Spawn XP percentage of total XP
 D = Spawn monster count
 E = Non-spawn monster count
 F = Spawn count percentage of total count
 G = Total turns spent on level
                    A         B        C        D         E        F      G
               +---------+---------+-------+---------+---------+-------+---------
         Total |       0 |     338 |   0.0 |       0 |      74 |   0.0 |  2053
               +---------+---------+-------+---------+---------+-------+---------
           D:1 |       0 |      46 |   0.0 |       0 |      25 |   0.0 |   665
           D:2 |       0 |      63 |   0.0 |       0 |      20 |   0.0 |   636
           D:3 |       0 |     226 |   0.0 |       0 |      28 |   0.0 |   682
           D:4 |       0 |       3 |   0.0 |       0 |       1 |   0.0 |    70
               +---------+---------+-------+---------+---------+-------+---------
